Map: Ablation

Players

Mayhem

  • Race: Zerg Zerg
  • League: Master
  • Spawn Location: 5:00

Antis - Winner!

  • Race: Zerg Zerg
  • League: Master
  • Spawn Location: 11:00

VOD

Have the link to the VOD?

Description

Time

  • Played on: Feb. 4, 2018, 5:35 p.m.
  • Length: 8:52
Show
View Real Time Build Order
Export as new Build Order

Mayhem Zerg 

Build Orders: Hatch First 

Get SALT Encoding   

  12  0:01  Drone  
  13  0:14  Overlord  
  13  0:18  Drone  
  14  0:32  Drone x2  
  16  0:37  Drone  
  17  0:54  Hatchery  
  16  0:57  Drone  
  17  1:07  Drone  
  18  1:11  Extractor  
  17  1:22  Spawning Pool  
  17  1:25  Drone x2  
  18  1:29  Drone  
  19  1:44  Overlord  
  19  1:52  Drone  
  20  2:10  Zergling x4, Queen x2  
  20  2:15  Metabolic Boost  
  26  2:17  Drone  
  26  2:19  Drone  
  28  2:26  Drone  
  29  2:32  Drone  
  30  2:46  Hatchery  
  30  2:50  Zergling x2  
  29  3:00  Drone x2  
  29  3:02  Zergling x2  
  29  3:03  Baneling Nest  
  32  3:05  Zergling x2  
  32  3:07  Zergling x2  
  34  3:20  Hatchery  
  34  3:25  Drone x4  
  35  3:32  Drone  
  36  3:34  Overlord  
  36  3:38  Overlord  
  36  3:57  Lair  
  36  4:01  Extractor  
  36  4:02  Extractor  
  34  4:03  Drone x6  
  34  4:05  Evolution Chamber  
  34  4:07  Drone  
  34  4:08  Drone  
  34  4:09  Drone  
  42  4:15  Drone x2  
  44  4:31  Zerg Missile Weapons Level 1  
  44  4:32  Drone x3  
  44  4:34  Drone, Roach Warren  
  44  4:36  Drone  
  48  4:41  Overlord  
  48  4:44  Overlord  
  48  5:13  Glial Reconstitution  
  48  5:15  Roach  
  48  5:16  Roach x7  
  48  5:17  Roach x2  
  68  5:24  Drone x4  
  68  5:25  Drone  
  71  5:32  Drone  
  71  5:34  Extractor, Drone x2  
  71  5:35  Drone  
  74  5:38  Overlord  
  74  5:44  Overlord  
  74  5:51  Overlord  
  74  5:55  Queen  
  76  6:00  Roach x2  
  76  6:01  Roach  
  82  6:06  Roach x4  
  84  6:14  Roach x2  
  84  6:15  Roach x3  
  92  6:18  Roach x2  
  86  6:27  Roach  
  86  6:28  Roach x3  
  84  6:33  Roach  
  84  6:37  Roach x2  
  84  6:38  Roach  
  74  6:47  Roach x2  
  74  6:48  Roach  
  76  6:57  Queen  
  74  7:02  Roach x2  
  74  7:03  Roach  
  78  7:10  Drone x2  
  78  7:11  Drone x3  
  83  7:18  Drone  
  83  7:22  Evolution Chamber  
  83  7:25  Ravager x2  
  83  7:26  Ravager  
  83  7:27  Ravager  
  83  7:28  Drone x3  
  90  7:40  Overlord  
  90  7:41  Overlord  
  90  7:49  Overlord  
  90  7:51  Hatchery  
  90  7:52  Extractor x2  
  90  7:53  Drone x3  
  90  7:54  Drone x3  
  90  7:55  Drone  
  90  7:56  Drone x2  
  96  8:04  Roach  
  98  8:07  Roach x2  
  98  8:08  Roach x3  
  98  8:11  Roach x2  
  112  8:17  Roach x5  
  122  8:22  Overlord  
  122  8:31  Roach x2  
Show
View Real Time Build Order
Export as new Build Order

Antis Zerg - Winner!

Build Orders: Hatch First 

Get SALT Encoding   

  12  0:01  Drone  
  13  0:13  Overlord  
  13  0:17  Drone  
  14  0:31  Drone x2  
  16  0:36  Drone  
  17  0:52  Hatchery  
  17  0:55  Drone  
  17  0:59  Drone  
  18  1:09  Extractor  
  17  1:15  Spawning Pool  
  17  1:18  Drone  
  17  1:23  Drone  
  18  1:32  Drone  
  19  1:44  Overlord  
  19  1:52  Drone  
  20  2:03  Queen, Zergling x2  
  20  2:05  Queen  
  20  2:06  Zergling x2  
  26  2:12  Drone  
  27  2:17  Zergling x2  
  28  2:25  Drone  
  28  2:27  Drone  
  30  2:34  Drone  
  31  2:38  Queen  
  31  2:39  Overlord  
  33  2:54  Queen  
  33  2:58  Drone x2, Evolution Chamber  
  37  3:03  Drone x2  
  37  3:05  Drone  
  39  3:11  Overlord  
  39  3:13  Drone  
  39  3:14  Drone  
  39  3:18  Lair  
  40  3:24  Drone x3  
  43  3:30  Drone  
  43  3:33  Zerg Missile Weapons Level 1  
  43  3:35  Drone  
  43  3:37  Evolution Chamber  
  43  3:39  Drone  
  43  3:42  Extractor  
  43  3:43  Drone x2  
  43  3:45  Extractor  
  43  3:51  Roach Warren  
  42  3:59  Drone x4  
  46  4:03  Drone x2  
  46  4:08  Zerg Ground Armor Level 1  
  48  4:10  Drone x2  
  48  4:15  Overlord  
  50  4:19  Overlord  
  50  4:31  Glial Reconstitution  
  50  4:32  Roach  
  50  4:34  Roach x2  
  50  4:35  Roach  
  50  4:37  Roach  
  60  4:40  Roach  
  60  4:42  Roach  
  60  4:43  Overlord  
  64  4:58  Hatchery  
  63  5:00  Roach x2  
  63  5:04  Roach x2  
  73  5:07  Roach  
  73  5:09  Roach  
  73  5:12  Overlord  
  75  5:15  Overlord  
  75  5:21  Drone  
  76  5:31  Zerg Missile Weapons Level 2  
  76  5:32  Drone  
  76  5:33  Drone x5  
  82  5:37  Drone x3  
  82  5:40  Extractor  
  82  5:41  Drone x3  
  87  5:50  Drone  
  87  5:52  Drone  
  89  5:58  Drone  
  89  5:59  Overlord  
  89  6:00  Overlord  
  90  6:05  Zerg Ground Armor Level 2  
  90  6:06  Drone x2  
  90  6:13  Drone  
  90  6:14  Drone  
  92  6:28  Drone x2, Roach x4  
  102  6:33  Roach x3  
  102  6:34  Roach  
  102  6:36  Extractor x2, Drone  
  102  6:38  Overlord  
  107  6:42  Drone x2  
  103  6:48  Roach x3  
  103  6:54  Hatchery  
  102  6:56  Roach  
  102  6:57  Roach x2  
  106  7:07  Drone x2  
  106  7:08  Drone x3  
  109  7:11  Roach  
  109  7:15  Overlord  
  111  7:17  Overlord  
  111  7:24  Roach  
  113  7:35  Overlord  
  113  7:36  Roach x4  
  125  7:37  Roach x2  
  125  7:39  Roach  
  125  7:40  Hydralisk Den  
  125  7:41  Roach x3, Hatchery  
  125  7:42  Roach x3  
  137  7:45  Overseer  
  137  7:55  Roach x2  
  137  7:56  Roach x2  
  145  8:05  Pneumatized Carapace  
  145  8:07  Overlord  
  145  8:11  Roach x3  
  151  8:18  Overlord  
  151  8:19  Overlord x2  
Tags
 
Add a new tag
Caveats
  • Supply blocks, unpowered buildings, or Contaminate may cause inaccurate times.
  • Supply counts are checked every 10 seconds.